 Dungeon Crawl Stone Soup version 0.30.1-3-gfc49f6343a (webtiles) character file.

Game seed: 11357599474766602935

962 Bronimir the Chopper (level 7, -21/52 HPs)
             Began as a Demonspawn Gladiator on July 29, 2023.
             Was an Initiate of Yredelemnul.
             Demolished by an ogre
             ... wielding a +0 giant club
              (29 damage)
             ... on level 5 of the Dungeon.
             The game lasted 00:11:20 (4940 turns).

Bronimir the Chopper (Demonspawn Gladiator)         Turns: 4940, Time: 00:11:21

Health: -21/52     AC: 12    Str: 23    XL:     7   Next: 92%
Magic:  7/7        EV:  9    Int:  9    God:    Yredelemnul [......]
Gold:   195        SH:  0    Dex: 16    Spells: 6/6 levels left

rFire   . . .        v - +4 falchion of the Wary Seers {venom, Str+6}
rCold   . . .        (no shield)
rNeg    . . .        z - +0 storm dragon scales
rPois   .            (helmet restricted)
rElec   +            t - +0 cloak
rCorr   .            (no gloves)
SInv    .            (no boots)
Will    .....        x - amulet of regeneration Stlth
                     (no ring)
HPRegen 1.08/turn    (no ring)
MPRegen 0.10/turn

%: no passive effects
@: no status effects
A: antennae 1, thin skeletal structure 1, powered by pain 1
a: Renounce Religion, Recall Undead Harvest


You were on level 5 of the Dungeon.
You worshipped Yredelemnul.
Yredelemnul was noncommittal.
You visited 2 branches of the dungeon, and saw 7 of its levels.

You collected 195 gold pieces.

Inventory:

Hand Weapons
 v - the +4 falchion of the Wary Seers (weapon) {venom, Str+6}
   (You took it off a hobgoblin on level 3 of the Dungeon)

   Str:       It affects your strength (+6).
 y - a +2 spear of venom
Missiles
 d - 3 throwing nets (quivered)
 e - 6 javelins
Armour
 b - a +3 leather armour
 q - a +0 ring mail
 t - a +0 cloak (worn)
 z - +0 storm dragon scales (worn)
Jewellery
 a - a ring of resist corrosion
 l - an amulet of faith
 o - an amulet of magic regeneration
 x - an amulet of regeneration (around neck)
Wands
 p - a wand of roots (6)
 w - a wand of paralysis (4)
 B - a wand of mindburst (10)
Scrolls
 c - a scroll of brand weapon {unknown}
 g - a scroll of enchant weapon {unknown}
 h - a scroll of amnesia {unknown}
 i - 5 scrolls of teleportation {unknown}
 j - 9 scrolls of identify {unknown}
 k - a scroll of fog {unknown}
 m - a scroll of immolation {unknown}
 r - 2 scrolls of blinking {unknown}
 s - a scroll of silence {unknown}
 A - a scroll of magic mapping {unknown}
Potions
 f - 2 potions of attraction {unknown}
 n - 3 potions of heal wounds {unknown}
 u - 2 potions of degeneration {unknown}


   Skills:
 + Level 3.4 Fighting
 * Level 4.6 Long Blades
 + Level 4.6 Axes
 + Level 1.8 Throwing
 * Level 3.7 Armour
 + Level 3.4 Dodging
 + Level 1.6 Stealth
 * Level 0.1 Invocations


You had 6 spell levels left.
You didn't know any spells.
Your spell library contained the following spells:

 Spells                   Type           Power      Damage    Failure   Level
 Apportation              Tloc           0%         N/A       97%         1
 Magic Dart               Conj           0%         1d3       97%         1
 Ensorcelled Hibernation  Hex/Ice        0%         N/A       99%         2
 Passwall                 Tmut/Erth      0%         N/A       99%         2
 Searing Ray              Conj           0%         2d4       99%         2
 Inner Flame              Hex/Fire       0%         N/A       100%        3
 Swiftness                Air            0%         N/A       100%        3
 Fulminant Prism          Conj/Hex       0%         3d5       100%        4
 Alistair's Intoxication  Tmut/Pois      0%         N/A       100%        5
 Yara's Violent Unravell  Hex/Tmut       0%         3d3       100%        5
 Enfeeble                 Hex            0%         N/A       100%        7


Dungeon Overview and Level Annotations

Branches:
Dungeon (6/15)             Temple (1/1) D:5

Altars:
Cheibriados
Gozag
Hepliaklqana
Makhleb
Nemelex Xobeh
Ru
Uskayaw
Vehumet
Wu Jian
Yredelemnul


Innate Abilities, Weirdness & Mutations

You have a pair of small antennae on your head.
You have a somewhat thin skeletal structure. (Dex +2, Stealth+)
You sometimes gain a little power by taking damage.


Message History

There is an open door, spattered with blood here.
You see here a +0 whip.
Items here: )))) [.
You see here 4 stones.
There is an open door here.
You open the door.
There is an open door here.
Done exploring.
Done exploring.
Done exploring.
(D) Dungeon (T) Temple
Where to? (Enter - D:5, ? - help)
There is an open door here.
There is a stone staircase leading down here.
You climb downwards.
The ogre shouts!
The hound barks!
Found a stone staircase leading down.
There is a stone staircase leading up here.
There are monsters nearby!
The hound barely misses you. The hound bites you but does no damage.
The ogre hits you with a +0 giant club!
You climb upwards.
There is a stone staircase leading down here.
The hound bites you but does no damage.
You climb downwards.
The iguana bites you.
There is a stone staircase leading up here.
The hound bites you. The ogre hits you with a +0 giant club!
The iguana bites you! The hound bites you.
You climb upwards.
There is a stone staircase leading down here.
The hound attacks as you move away! The hound bites you but does no damage.
The iguana bites you. The ogre hits you with a +0 giant club!
* * * LOW HITPOINT WARNING * * *
The hound completely misses you. The hound attacks as you move away!
The hound bites you but does no damage. The ogre attacks as you move away!
The ogre hits you with a +0 giant club!!
Ouch! That really hurt!
You die...
Your body rises from the dead as a mindless zombie.

...................#
...................#
#..###≈+###..###...#
######≈..#######...#
......≈............#
......≈.........>..#
......≈.~~.........#
......≈.......÷hlO.#
......≈.#.......@..#
#####...#..........#
...##...##.........#
...###'###.........#
...#.....#.........#
...#.⌠.⌠.#.........#
...'..>..+.........#
...#.⌠.⌠.#.........#
...#.....#.........#


You could see an ogre, an iguana and a hound.

Vanquished Creatures
  Grinder (D:5)
  3 ogres
  A scorpion (D:4)
  2 hounds
  A gnoll bouda (D:5)
  Ijyb (D:4)
  2 iguanas
  A mummy (D:4)
  Robin (D:2)
  5 gnolls
  5 adders
  5 worms
  5 dart slugs (D:1)
  9 orcs
  2 bats
  11 endoplasms
  2 giant cockroaches
  18 goblins
  10 hobgoblins
  24 jackals
  4 quokkas
  10 ball pythons
  3 frilled lizards
  10 kobolds
  8 rats
144 creatures vanquished.

Notes
Turn   | Place    | Note
-------+----------+-------------------------------------------
     0 | D:1      | Bronimir the Demonspawn Gladiator began the quest for the
                  | Orb.
     0 | D:1      | Reached XP level 1. HP: 16/16 MP: 1/1
    49 | D:1      | Gained mutation: You sometimes gain a little power by
                  | taking damage. [demonic ancestry]
    49 | D:1      | Reached XP level 2. HP: 22/22 MP: 2/2
   241 | D:1      | Gained mutation: You have a pair of small antennae on your
                  | head. [demonic ancestry]
   241 | D:1      | Reached XP level 3. HP: 16/28 MP: 3/3
   630 | D:2      | Reached skill level 1 in Armour
   769 | D:2      | Noticed Robin
   958 | D:1      | Reached XP level 4. HP: 15/34 MP: 4/4
  1157 | D:2      | Killed Robin
  1283 | D:2      | Found an opulent altar of Gozag.
  1710 | D:2      | Identified the +2 chain mail "Biomon" {rPois rF+}
  2180 | D:3      | Gained mutation: You have a somewhat thin skeletal
                  | structure. (Dex +2, Stealth+) [demonic ancestry]
  2180 | D:3      | Reached XP level 5. HP: 22/39 MP: 5/5
  2476 | D:3      | Identified the +4 falchion of the Wary Seers {venom, Str+6}
  2619 | D:3      | Found a hazy altar of Hepliaklqana.
  2745 | D:3      | Found a faded altar of an unknown god.
  2752 | D:3      | Got Plato's Parchment of Destruction
  2816 | D:3      | Found a hide-covered altar of Uskayaw.
  3388 | D:4      | Noticed Ijyb
  3394 | D:4      | Paralysed by Ijyb for 2 turns
  3398 | D:4      | Killed Ijyb
  3399 | D:4      | Reached skill level 1 in Long Blades
  3402 | D:4      | Reached XP level 6. HP: 43/46 MP: 6/6
  3588 | D:4      | Found a snail-covered altar of Cheibriados.
  3724 | D:4      | Reached skill level 1 in Stealth
  4069 | D:5      | Entered Level 5 of the Dungeon
  4139 | D:5      | Reached XP level 7. HP: 18/52 MP: 7/7
  4211 | D:5      | Noticed Grinder
  4220 | D:5      | Paralysed by Grinder for 2 turns
  4224 | D:5      | Killed Grinder
  4482 | D:5      | Found a sacrificial altar of Ru.
  4622 | D:5      | Found a sparkling altar of Nemelex Xobeh.
  4641 | D:5      | Found a staircase to the Ecumenical Temple.
  4654 | Temple   | Entered the Ecumenical Temple
  4728 | Temple   | Became a worshipper of Yredelemnul the Dark
  4835 | D:5      | Reached * piety under Yredelemnul
  4940 | D:5      | Demolished by an ogre

Illustrated notes

Levels and vault maps discovered:
D:1:      dpeg_arrival_line_fractal, layout_rooms,
          hangedman_abyss_or_decor_stabs
D:2:      layout_loops_ring, basic_altar, cheibrodos_gnoll_hut, uniq_robin
D:3:      layout_loops_ring, mainiacjoe_overflow_surrounded_room,
          nzn_hepliaklqana_mist_gate, shapermc_ecumenical_altar_rom_forum
D:4:      kennysheep_goblin_castle, layout_basic, slow_altar_1
D:5:      layout_gridville, nemelex_xobeh_ov_fountains_minmay,
          kennysheep_mini_moat, minmay_temple_entry_hall,
          chequers_serial_rivers_micro_e, uniq_grinder
D:6:      layout_cave_pools, minmay_misc_feat_encased
Temple:   hellmonk_temple_two_chambers

Skill      XL: |  1  2  3  4  5  6  7 |
---------------+----------------------+-----
Axes           | 3 4 |  4.6
Dodging        | 3 |  3.4
Armour         | 1 2 3 |  3.7
Long Blades    | 1 3 4 |  4.6
Fighting       | 3 |  3.4
Stealth        | 1 |  1.6
Throwing       | |  1.8
Invocations    | |  0.1

Action                     |  1- 3 |  4- 6 |  7- 9 || total
---------------------------+-------+-------+-------++-------
  Melee: War axe           |   129 |   131 |       ||   260
         Punch             |       |     3 |       ||     3
         Falchion          |       |    92 |    57 ||   149
    Use: Potion            |     2 |     2 |       ||     4
   Stab: Sleeping          |       |     5 |     1 ||     6
 Armour: Leather armour    |    48 |    24 |    11 ||    83
         Plate armour      |       |    32 |       ||    32
         Ring mail         |       |    46 |       ||    46
         Storm dragon scal |       |       |    18 ||    18
  Dodge: Dodged            |   132 |   165 |    33 ||   330
